 Dungeon Crawl Stone Soup version 0.28.0 (webtiles) character file.

Game seed: 2946078531998407643

56 Hasart the Covered (level 3, -2/31 HPs)
             Began as a Demigod Fighter on Feb 13, 2022.
             Killed from afar by an orc wizard (5 damage)
             ... with a magic dart
             ... on level 2 of the Dungeon.
             The game lasted 00:01:33 (1024 turns).

Hasart the Covered (Demigod Fighter)                Turns: 1024, Time: 00:01:34

Health: -2/31      AC:  6    Str: 17    XL:     3   Next: 47%
Magic:  5/5        EV:  9    Int: 10    God:
Gold:   62         SH:  5    Dex: 20    Spells: 2/2 levels left

rFire   . . .      SeeInvis .   l - +4 dagger "Cedoelog" {vorpal, Fragile Will+++ Dex+3}
rCold   . . .      Faith    .   c - +0 buckler
rNeg    . . .      Spirit   .   b - +0 scale mail
rPois   .          Reflect  .   (no helmet)
rElec   .          Harm     .   (no cloak)
rCorr   .          Rampage  .   (no gloves)
Will    +++..                   (no boots)
Stlth   ..........              (no amulet)
HPRegen 0.10/turn               (no ring)
MPRegen 0.09/turn               (no ring)

@: no status effects
A: high MP 1, forlorn, divine attributes
a: no special abilities


You were on level 2 of the Dungeon.
You visited 1 branch of the dungeon, and saw 2 of its levels.

You collected 62 gold pieces.

Inventory:

Hand Weapons
 a - a +0 long sword
 l - the +4 dagger "Cedoelog" (weapon) {vorpal, Fragile Will+++ Dex+3}
   (You found it on level 2 of the Dungeon)

   It inflicts extra damage upon your enemies.
   Dex:       It affects your dexterity (+3).
   Fragile:   It will be destroyed if unequipped.
   Will:      It greatly increases your willpower.
Armour
 b - a +0 scale mail (worn)
 c - a +0 buckler (worn)
Scrolls
 i - 2 scrolls of identify {unknown}
 k - 5 scrolls of teleportation {unknown}
Potions
 d - a potion of might
 e - a potion of curing {unknown}
 f - a potion of heal wounds {unknown}
 g - a potion of lignification {unknown}
 h - a potion of resistance {unknown}
 j - 2 potions of flight {unknown}


   Skills:
 + Level 3.0 Fighting
 * Level 2.5 Long Blades
 + Level 3.0 Armour
 + Level 1.1 Dodging
 + Level 2.9 Shields


You had 2 spell levels left.
You didn't know any spells.
Your spell library contained the following spells:

 Spells                   Type           Power      Damage    Failure   Level
 Conjure Flame            Conj/Fire      0%         6-21      99%         3
 Ignite Poison            Fire/Tmut/Pois 0%         N/A       99%         3
 Sticky Flame             Conj/Fire      0%         2d3       100%        4


Dungeon Overview and Level Annotations

Branches:
Dungeon (2/15)


Innate Abilities, Weirdness & Mutations

You have an increased reservoir of magic. (+10% MP)
You shall have no god before yourself.
Your divine heritage dramatically boosts your attributes as you level up.


Message History

You are too injured to fight recklessly!
Unknown command.
You hit the orc but do no damage.
The orc is moderately wounded.
The orc barely misses you.
You barely miss the orc.
The orc is moderately wounded.
You barely miss the orc.
The orc is moderately wounded.
The orc barely misses you.
You barely miss the orc.
The orc is moderately wounded.
The orc closely misses you.
You closely miss the orc.
The orc is moderately wounded.
You block the orc's attack.
You hit the orc.
The orc is heavily wounded.
You block the orc's attack.
The orc priest mumbles some strange prayers to Beogh against you.
Beogh smites you!
* * * LOW HITPOINT WARNING * * *
You hit the orc.
You kill the orc!
You closely miss the orc priest.
The orc priest is severely wounded.
The orc priest barely misses you.
You hit the orc priest.
You kill the orc priest!
Your Fighting skill increases to level 3!
Your Armour skill increases to level 3!
Your Dodging skill increases to level 1!
You have reached level 3!
Your experience leads to a dramatic increase in your attributes!
Your base attributes are Str 17, Int 10, Dex 13.
Increase (S)trength, (I)ntelligence, or (D)exterity?
You feel agile. x4
A magic dart appears from out of thin air!
The magic dart hits you.
You die...

###.#.# #...#.# #.#.#.#
#.#.#)# #.#.#o#
###.#.#.# #...#.#.##
#.....#..#
#####>..@.#..#
#...#.....{..#
#...#........#
##...#......#.#
########<...#......#.#
#...........#......#.#
#.#######...##..####.#.
..# #...##.## #.#.#
..## #...##.#####.# #


There were no monsters in sight!

Vanquished Creatures
  An orc priest (D:2)
  A dart slug (D:1)
  An orc (D:2)
  An endoplasm (D:1)
  A giant cockroach (D:1)
  2 goblins (D:1)
  3 hobgoblins (D:1)
  3 kobolds
  A quokka (D:1)
  2 ball pythons (D:1)
  A bat (D:1)
  4 frilled lizards (D:1)
  3 rats (D:1)
24 creatures vanquished.

Notes
Turn   | Place    | Note
-------+----------+-------------------------------------------
     0 | D:1      | Hasart the Demigod Fighter began the quest for the Orb.
     0 | D:1      | Reached XP level 1. HP: 18/18 MP: 3/3
   327 | D:1      | Reached XP level 2. HP: 25/25 MP: 4/4
   833 | D:2      | Identified the +4 dagger "Cedoelog" {vorpal, Fragile
                  | Will+++ Dex+3}
  1018 | D:2      | Reached skill level 1 in Dodging
  1018 | D:2      | Reached XP level 3. HP: 2/31 MP: 5/5
  1024 | D:2      | Killed from afar by an orc wizard

Illustrated notes

Levels and vault maps discovered:
D:1:      co_arrival_square_in_a_square_in_a_square, layout_loops_cross,
          shapermc_ecumenical_altar_mp_highgroup
D:2:      layout_rooms, serial_co_window_serial, co_window_paths_a,
          co_window_paths_a, co_window_paths_a, co_window_paths_a,
          co_window_corner_a, co_window_corner_b, co_window_2corner,
          co_window_broadway_c, co_window_unsneaky_path_a, co_window_broadway_c,
          co_window_paths_d, glass_columns_a, uniq_crazy_yiuf_cottage

Skill      XL: |  1  2 |
---------------+-------+-----
Long Blades    | 2 |  2.5
Fighting       | 3 |  3.0
Armour         | 3 |  3.0
Dodging        | 1 |  1.1
Shields        | |  2.9

Action                   || total
-------------------------++-------
Melee: Long sword        ||    61
       Dagger            ||    20
Armor: Scale mail        ||    24
Dodge: Dodged            ||    39
Block: Buckler           ||    19
